 Dungeon Crawl Stone Soup version 0.26.1-2-gb8aa6d0cf2 (webtiles) character file.

Game seed: 17745800327408973768

726 Phaedo the Chiller (level 7, -5/75 HPs)
             Began as a Barachi Ice Elementalist on Mar 18, 2021.
             Killed from afar by a white imp (12 damage)
             ... with a puff of frost
             ... on level 5 of the Dungeon.
             The game lasted 00:16:33 (5519 turns).

Phaedo the Chiller (Barachi Ice Elementalist)       Turns: 5519, Time: 00:16:33

Health: -5/75      AC:  3    Str:  9    XL:     7   Next: 72%
Magic:  13/13      EV: 13    Int: 17    God:
Gold:   227        SH:  0    Dex: 13    Spells: 8/15 levels left

rFire    . . .     SeeInvis .   a - +0 dagger
rCold    . . .     Faith    .   (no shield)
rNeg     . . .     Spirit   .   f - +0 robe
rPois    .         Reflect  .   (no helmet)
rElec    .         Harm     .   (no cloak)
rCorr    .         Rampage  .   d - +0 pair of gloves
Will     .....                  (no boots)
Stlth    ..........             s - amulet of magic regeneration
HPRegen  0.22/turn              (no ring)
MPRegen  0.38/turn              (no ring)

@: berserking, quick
A: +LOS, swims, slowness 1, strong legs 1
a: Hop


You were on level 5 of the Dungeon.
You visited 1 branch of the dungeon, and saw 5 of its levels.

You collected 227 gold pieces.

Inventory:

Hand Weapons
 a - a +0 dagger (weapon)
 b - a +0 vorpal hunting sling
 A - a +0 flail
Missiles
 g - 222 stones
 w - 35 sling bullets
 C - 17 poisoned darts (quivered)
Armour
 d - a +0 pair of gloves (worn)
 f - a +0 robe (worn)
 v - a +0 helmet
Jewellery
 j - an uncursed ring of see invisible {unknown}
 s - an amulet of magic regeneration (around neck)
 u - a +6 ring of dexterity
 z - an uncursed ring of wizardry {unknown}
Wands
 B - a wand of iceblast (12)
Scrolls
 e - a scroll of enchant weapon {unknown}
 h - a scroll of amnesia {unknown}
 k - a scroll of noise {unknown}
 l - 2 scrolls of immolation {unknown}
 m - 2 scrolls of enchant armour {unknown}
 p - 2 scrolls of teleportation
 y - a scroll of random uselessness {unknown}
Potions
 c - 3 potions of curing
 o - 2 potions of flight
 r - a potion of brilliance
 t - a potion of cancellation {unknown}
 x - 2 potions of might


   Skills:
 + Level 2.1 Fighting
 + Level 2.5 Short Blades
 + Level 1.3(1.4) Slings
 + Level 0.4(1.0) Throwing
 + Level 3.2 Dodging
 + Level 3.2 Stealth
 + Level 4.5 Spellcasting
 + Level 7.6 Ice Magic


You had 8 spell levels left.
You knew the following spells:

 Your Spells              Type           Power        Failure   Level
a - Freeze                Ice            100%         1%          1
b - Frozen Ramparts       Ice            58%          1%          3
c - Ozocubu's Armour      Ice            29%          1%          3

Your spell library contained the following spells:

 Spells                   Type           Power        Failure   Level
 Hailstorm                Conj/Ice       16%          30%         4
 Summon Ice Beast         Ice/Summ       16%          30%         4


Dungeon Overview and Level Annotations

Branches:
Dungeon (5/15)
 Temple: D:4-7

Altars:
Nemelex Xobeh
Ru
Zin
The Shining One


Innate Abilities, Weirdness & Mutations

You can be seen from farther away. (+LOS)
You can swim through water.
You cover ground slowly.
You can hop short distances.


Message History

You hit the white imp but do no damage.
The white imp is heavily wounded.
You barely miss the white imp.
The white imp is heavily wounded.
The white imp hits you but does no damage.
You barely miss the white imp.
The white imp is heavily wounded.
The white imp gestures at you. The puff of frost hits you!
* * * LOW HITPOINT WARNING * * *
You hit the white imp but do no damage.
The white imp is heavily wounded.
The white imp gestures at you. The puff of frost hits you!
* * * LOW HITPOINT WARNING * * *
A red film seems to cover your vision as you go berserk!
You feel yourself moving faster!
You feel mighty! The white imp gestures at you. The puff of frost hits you!
You die...

... #.#.....#
###.########<#.....#
####..........#)#.....#
.........^.....[#.....#
##.............)).....#
......?...............#
#....................#
#
##....).........#.....#
##.#
.....?..@.......#.....#
.>..
###....5........#######
... #(.............# .#
........###..##.# .#
.#...... #.###.# #
#....... #.# #.# #
#....>.. #.# # #.......
# #..?.?..


You could see a white imp.

Vanquished Creatures
  Sigmund (D:2)
  A centaur zombie (D:5)
  2 orc priests
  3 hounds
  4 orc wizards
  3 worker ants
  Robin (D:3)
  4 gnolls
  3 adders
  An ooze (D:3)
  2 adder skeletons (D:4)
  2 worms
  A dart slug (D:3)
  2 leopard geckos
  19 orcs
  3 giant cockroaches
  9 hobgoblins
  5 jackals
  8 kobolds
  2 ball pythons (D:1)
  8 bats
  6 frilled lizards
  16 goblins
  2 leopard gecko skeletons (D:5)
  6 rats
114 creatures vanquished.

Notes
Turn   | Place    | Note
-------+----------+-------------------------------------------
     0 | D:1      | Phaedo the Barachi Ice Elementalist began the quest for the
                  | Orb.
     0 | D:1      | Reached XP level 1. HP: 13/13 MP: 3/3
   173 | D:1      | Reached skill level 5 in Ice Magic
   239 | D:1      | Reached XP level 2. HP: 19/19 MP: 3/5
   385 | D:1      | Found a glowing golden altar of the Shining One.
   397 | D:1      | Reached XP level 3. HP: 14/24 MP: 3/6
  1087 | D:1      | Learned a level 3 spell: Frozen Ramparts
  1181 | D:2      | Found a sparkling altar of Nemelex Xobeh.
  1185 | D:2      | Noticed Sigmund
  1200 | D:2      | HP: 1/24 [Sigmund/magic dart (8)]
  1201 | D:2      | Killed Sigmund
  1202 | D:2      | Reached skill level 1 in Short Blades
  1202 | D:2      | Reached skill level 6 in Ice Magic
  1202 | D:2      | Reached XP level 4. HP: 9/31 MP: 1/9
  1202 | D:2      | Reached XP level 5. HP: 10/36 MP: 1/10
  1665 | D:2      | Found a glowing silver altar of Zin.
  1671 | D:2      | Reached XP level 6. HP: 42/42 MP: 9/11
  2383 | D:3      | Learned a level 3 spell: Ozocubu's Armour
  2686 | D:3      | Noticed Robin
  2710 | D:3      | Killed Robin
  2895 | D:3      | Found a sacrificial altar of Ru.
  3614 | D:3      | Reached skill level 1 in Fighting
  3614 | D:3      | Reached skill level 7 in Ice Magic
  3938 | D:4      | Reached skill level 1 in Slings
  4212 | D:4      | Reached XP level 7. HP: 48/48 MP: 9/13
  5081 | D:5      | Entered Level 5 of the Dungeon
  5519 | D:5      | Killed from afar by a white imp

Illustrated notes

Levels and vault maps discovered:
D:1:      ncdulo_smallfort, layout_basic, serial_forest,
          infiniplex_forest_lined_3, infiniplex_forest_lined_3,
          infiniplex_forest_lined_corner, infiniplex_forest_straight_1,
          infiniplex_forest_end_2, infiniplex_forest_corner_1,
          infiniplex_forest_lined_1, infiniplex_forest_straight_2,
          tso_metal_star
D:2:      layout_loops_ring, nicolae_overflow_crystal_walls, old_standard_altar,
          uniq_sigmund
D:3:      layout_basic, nicolae_ru_awakened_eye, uniq_robin
D:4:      layout_rooms, chequers_avenue
D:5:      layout_rooms, lemuel_doored_altar

Skill      XL: |  1  2  3  4  5  6  7 |
---------------+----------------------+-----
Ice Magic      | 5 6 7 |  7.6
Stealth        | 2 3 |  3.2
Short Blades   | 1 2 |  2.5
Spellcasting   | 3 4 |  4.5
Fighting       | 1 2 |  2.1
Slings         | 1 |  1.3
Dodging        | 3 |  3.2
Throwing       | |  0.4

Action                   |  1- 3 |  4- 6 |  7- 9 || total
-------------------------+-------+-------+-------++-------
Melee: Unarmed           |     3 |       |       ||     3
       Dagger            |    17 |    68 |   113 ||   198
 Fire: Hunting sling     |       |    28 |       ||    28
Throw: Dart              |       |       |    12 ||    12
 Cast: Freeze            |    24 |    42 |     6 ||    72
       Frozen Ramparts   |     3 |     7 |     5 ||    15
       Ozocubu's Armour  |       |     1 |     3 ||     4
  Use: Potion            |     1 |       |     1 ||     2
       Scroll            |       |       |     7 ||     7
 Stab: Sleeping          |     4 |     7 |     1 ||    12
Armor: Robe              |    16 |    19 |    20 ||    55
Dodge: Dodged            |    38 |    54 |    67 ||   159
